 Dungeon Crawl Stone Soup version 0.29-a0-721-g7f417c9bbb (webtiles) character file.

Game seed: 3144831797580594476

20 cojito the Magician (level 3, -7/18 (30) HPs)
             Began as a Meteoran Wanderer on June 28, 2022.
             Mangled by a worm (10 damage)
             ... on level 2 of the Dungeon.
             The game lasted 00:02:36 (630 turns).

cojito the Magician (Meteoran Wanderer)              Turns: 630, Time: 00:02:37

HP:   -7/18 (30)    AC:  2    Str: 10    XL:     3   Next: 14%
MP:   8/8           EV: 10    Int: 20    God:
Gold: 20            SH:  4    Dex: 12    Spells: 7/8 levels left

rFire   . . .      SeeInvis .     - Unarmed
rCold   . . .      Faith    .   d - +0 buckler
rNeg    . . .      Spirit   .   c - +0 robe
rPois   .          Reflect  .   (no helmet)
rElec   .          Harm     .   (no cloak)
rCorr   .          Rampage  .   (no gloves)
Will    .....                   (no boots)
Stlth   +.........              (no amulet)
HPRegen 0.06/turn               (no ring)
MPRegen 0.11/turn               (no ring)

@: glowing, very heavily drained
A: sense surroundings 1, otherworldly, glowing, explore regen
a: no special abilities


You were on level 2 of the Dungeon.
You visited 1 branch of the dungeon, and saw 2 of its levels.

You collected 20 gold pieces.

Inventory:

Hand Weapons
 a - a +0 dagger
Missiles
 f - 7 stones (quivered)
Armour
 c - a +0 robe (worn)
 d - a +0 buckler (worn)
 g - a scarf of repulsion
Jewellery
 e - an amulet of regeneration
Scrolls
 b - a scroll of blinking


   Skills:
 + Level 2.5 Fighting
 - Level 2.4 Shields
 + Level 1.2 Unarmed Combat
 + Level 3.1 Spellcasting
 - Level 1.1 Necromancy
 + Level 2.9 Transmutations
 - Level 1.2 Evocations


You had 7 spell levels left.
You knew the following spells:

 Your Spells              Type           Power      Damage    Failure   Level
a - Beastly Appendage     Tmut           28%        N/A       5%          1

Your spell library contained the following spells:

 Spells                   Type           Power      Damage    Failure   Level
 Wereblood                Tmut           14%        N/A       9%          2
 Sting                    Tmut/Pois      32%        1d4       11%         1
 Necrotize                Necr           28%        1d5       12%         1
 Spider Form              Tmut/Pois      8%         N/A       30%         3
 Vampiric Draining        Necr           7%         2d6       34%         3
 Petrify                  Tmut/Erth      8%         N/A       71%         4


Dungeon Overview and Level Annotations

Branches:
Dungeon (2/15) Zot: 767

Altars:


Innate Abilities, Weirdness & Mutations

You passively map a small area around you.
You are easily found by Zot.
You glow in the dark.
You regain HP and MP as you explore.


Message History

You kill the kobold!
The bat hits you but does no damage.
Found 3 stones.
Found a stone staircase leading down.
The bat closely misses you. You block the bat's attack. x2
The bat hits you but does no damage. You block the bat's attack.
You see here a book of Changes.
You pick up a book of Changes and begin reading...
You add the spells Wereblood and Spider Form to your library.
The bat hits you but does no damage. The bat attacks as you move away!
The bat barely misses you. You block the bat's attack. The bat hits you.
You block the bat's attack. The bat hits you but does no damage.
Your transformation is almost over.
The bat hits you but does no damage.
There is a stone staircase leading down here.
The bat barely misses you.
You climb downwards.
There is a stone staircase leading up here.
The worm bites you!
You hit the worm but do no damage. You claw the worm. You headbutt the worm.
The worm is heavily wounded.
The worm closely misses you.
You hit the worm. You headbutt the worm.
The worm is severely wounded.
You hit the worm but do no damage.
The worm is severely wounded.
Your horns disappear.
Your talons disappear.
The worm bites you!
Ouch! That really hurt!
* * * LOW HITPOINT WARNING * * *
You hit the worm but do no damage.
The worm is severely wounded.
You hit the worm but do no damage.
The worm is severely wounded.
The worm bites you!
Ouch! That really hurt!
You die...

, ,, ,,,,
,, , #####
* , , ...
, , *
,#.######
,#<.....#
#..#.#.# *
, #....#,
* *
#....#.# *
#@.....#
,#w.#.###
*
*,#......,
, * *
#.######
,#.. , ,
###


You could see a worm.

Vanquished Creatures
  2 dart slugs (D:1)
  An endoplasm (D:1)
  2 giant cockroaches (D:1)
  A goblin (D:1)
  2 kobolds (D:1)
  2 ball pythons (D:1)
  2 bats (D:1)
  A frilled lizard (D:1)
  3 rats (D:1)
16 creatures vanquished.

Vanquished Creatures (others)
  2 plants (D:1)
2 creatures vanquished.

Grand Total: 18 creatures vanquished

Notes
Turn   | Place    | Note
-------+----------+-------------------------------------------
     0 | D:1      | cojito the Meteoran Wanderer began the quest for the Orb.
     0 | D:1      | cojito set off with the following items: a +0 dagger, a
                  | scroll of blinking, a +0 robe, a +0 buckler; and the
                  | following spells available to memorise: Beastly Appendage,
                  | Necrotize, Sting, Vampiric Draining, Petrify.
     0 | D:1      | Reached XP level 1. HP: 17/17 MP: 5/5
     2 | D:1      | Learned a level 1 spell: Beastly Appendage
   264 | D:1      | Reached XP level 2. HP: 22/25 MP: 4/6
   498 | D:1      | Glimpsed the power of Zot.
   514 | D:1      | Reached skill level 1 in Unarmed Combat
   514 | D:1      | Reached skill level 3 in Spellcasting
   548 | D:1      | Glimpsed the power of Zot.
   550 | D:1      | Reached XP level 3. HP: 24/30 MP: 6/8
   587 | D:1      | Glimpsed the power of Zot.
   597 | D:1      | Touched by the power of Zot.
   630 | D:2      | Mangled by a worm

Illustrated notes

Levels and vault maps discovered:
D:1:      minmay_arrival_plants_in_alcoves, layout_loops_ring
D:2:      layout_basic, hellmonk_ecumenical_altar_zigzags, uniq_natasha

Skill      XL: |  1  2 |
---------------+-------+-----
Unarmed Combat | 1 |  1.2
Spellcasting   | 3 |  3.1
Fighting       | |  2.5
Shields        | |  2.4
Necromancy     | |  1.1
Transmutations | |  2.9
Evocations     | |  1.2

Action                   || total
-------------------------++-------
Melee: Unarmed           ||    84
       Kick              ||    20
       Headbutt          ||     5
 Cast: Beastly Appendage ||     9
Armor: Robe              ||    33
Dodge: Dodged            ||    43
Block: Buckler           ||    34

Table legend: (Time is in decaauts)
 A = Elapsed time spent in this place.
 B = Non-inter-level travel time spent in this place.
 C = Inter-level travel time spent in this place.
 D = Time resting spent in this place.
 E = Time spent auto-exploring this place.
 F = Levels seen in this place.
 G = Mean time per level.
                   A        B        C        D        E       F      G
               +--------+--------+--------+--------+--------+-----+--------+
         Total |    632 |    632 |      0 |    216 |    161 |   2 |  316.0 |
       Dungeon |    632 |    632 |      0 |    216 |    161 |   2 |  316.0 |
               +--------+--------+--------+--------+--------+-----+--------+

Top non-repeatable levels by time:
     D:1: 623 daAuts
     D:2: 8 daAuts
